 Dungeon Crawl Stone Soup version bcrawl-1.40.3 (webtiles) character file.

Game seed: 16256350322880879849

281322 Queen the Skirmisher (level 9, -10/78 HPs)
             Began as a White Draconian Transmuter on Nov 20, 2023.
             Was a Follower of Makhleb.
             Mangled by a hog (12 damage)
             ... on level 7 of the Dungeon.
             The game lasted 00:21:13 (7406 turns).

Queen the Skirmisher (White Draconian Transmuter)   Turns: 7406, Time: 00:21:13

Health: -10/78     AC:  2    Str: 12    XL:     9   Next: 79%
Magic:  17/17      EV: 23    Int: 18    God:    Makhleb [*.....]
Gold:   384        SH:  0    Dex: 16    Spells: 2/19 levels left

rFire    . . .     GDR:     28%   - Fangs (venom) (13.4)
rCold    . . .     SeeInvis .   (shield currently unavailable)
rNeg     . . .     Gourm    .   (armour unavailable)
rPois    x         Faith    .   (helmet currently unavailable)
rElec    .         Spirit   .   (cloak currently unavailable)
rCorr    .         Reflect  .   (gloves currently unavailable)
MR       .....                  (boots currently unavailable)
Stlth    +.........             (no amulet)
HPRegen  0.23/turn              (no ring)
MPRegen  0.15/turn              (no ring)

@: spider-form
A: tiny, (breathe frost), unfitting armour, AC +7
a: End Transformation, Minor Destruction, Renounce Religion


You were on level 7 of the Dungeon.
You worshipped Makhleb.
Makhleb was aware of your devotion.
You were hungry.
You were a venomous arachnid.
You visited 2 branches of the dungeon, and saw 8 of its levels.

You collected 680 gold pieces.
You spent 296 gold pieces at shops.

Inventory:

Missiles
 a - 1256 arrows
Armour
 i - a +0 pair of boots (melded)
 n - a +0 cloak (melded)
 s - a +0 pair of gloves (melded)
Wands
 b - a wand of iceblast (12)
 h - a wand of polymorph (7)
Scrolls
 f - a scroll of fear
 g - 2 scrolls of enchant weapon {unknown}
 k - 2 scrolls of remove curse {unknown}
 l - a scroll of amnesia {unknown}
 m - a scroll of immolation {unknown}
 t - 2 scrolls of teleportation {unknown}
 u - a scroll of summoning {unknown}
Potions
 c - 3 potions of lignification
 d - 3 potions of curing {@q1}
 j - a potion of haste
 o - a potion of flight
 p - a potion of heal wounds {@q2}
 q - 2 potions of agility {unknown}
Comestibles
 e - 17 rations {!d}
 r - a chunk of flesh


   Skills:
 + Level 6.5 Fighting
 + Level 5.5 Dodging
 + Level 6.5 Unarmed Combat
 + Level 5.7 Spellcasting
 + Level 6.2 Transmutations
 + Level 4.6 Ice Magic
 + Level 2.6 Invocations


You had 2 spell levels left.
You knew the following spells:

 Your Spells              Type           Power        Failure   Level  Hunger
e - Ice Form              Ice/Tmut       ###.....     30%         4    ####...
p - Passwall              Tmut/Erth      ###.....     16%         2    None
q - Beastly Appendage     Tmut           ####..       4%          1    None
r - Blade Hands           Tmut           ####......   47%         5    ######.
s - Sticks to Snakes      Tmut           ####....     6%          2    None
w - Spider Form           Tmut/Pois      ###          26%         3    ##.....

Your spell library contained the following spells:

 Spells                   Type           Power        Failure   Level  Hunger
 Static Discharge         Air            #.....       28%         1    None
 Shock                    Conj/Air       #......      38%         2    None
 Swiftness                Chrm/Air       #.......     38%         2    None
 Mephitic Cloud           Conj/Pois/Air  #.......     58%         3    ##.....
 Lightning Bolt           Conj/Air       #.......     90%         4    ####...


Dungeon Overview and Level Annotations

Branches:
Dungeon (7/12)             Temple (1/1) D:6
   Lair: D:7-9

Altars:
Ashenzari
Cheibriados
Dithmenos
Elyvilon
Fedhas
Gozag
Hepliaklqana
Kikubaaqudgha
Lugonu
Makhleb
Nemelex Xobeh
Okawaru
Qazlal
Ru
Sif Muna
Trog
Uskayaw
Vehumet
Wu Jian
Yredelemnul
The Shining One

Shops:
D:4 :   D:6 [(

Annotations:
D:3 1 runed door


Innate Abilities, Weirdness & Mutations

((You can breathe waves of freezing cold.))
((You can buffet flying creatures when you breathe cold.))
((Your icy white scales are hard. (AC +7)))
You cannot fit into any form of body armour.
((Your flesh is cold resistant. (rC+)))
((You are cold-blooded and may be slowed by cold attacks.))


Message History

You hit the hog.
The hog is lightly wounded.
The hog closely misses you.
You bite the hog!
The hog is poisoned.
The hog is severely wounded.
The hog bites you!
* * * LOW HITPOINT WARNING * * *
Press: ? - help, v - describe, . - travel
Here: a hog (severely wounded, poisoned)
Okay, then.
Unknown command.
The hog closely misses you.
You kill the hog!
Makhleb accepts your kill. The hog bites you.
* * * LOW HITPOINT WARNING * * *
The hog misses you.
Some of the chunks of flesh in your inventory have rotted away.
The hog bites you!
You die...

##.####..## ##.......>..........
#....#...## #....####...........
#....###..#####..).# #...........
..##..###...#......##....#.......
..##................##.###.......
....................##.# ........
.....##................###.......
....................<.####.......
................s................
....#..........h###.##...........
.........#......##.###......(....
##....####.........#...##........
#..#.# #.............#.........
##.#### #..##..................#
##..#.###...........)..........#
#.......#..#........)..........#
#...#.....#.........#...##..##..


You could see a hog.

Vanquished Creatures
  A hippogriff (D:6)
  A human (D:7)
  Eustachio (D:4)
  3 hogs (D:7)
  A hungry ghost (D:5)
  Menkaure (D:6)
  An ice beast (D:7)
  A black bear (D:6)
  A phantom (D:6)
  3 ogres
  4 bullfrogs
  Blork the orc (D:6)
  2 centaurs
  6 scorpions
  A water moccasin skeleton (D:6)
  A wight (D:7)
  2 howler monkeys
  3 orc priests
  2 crimson imps
  3 jellies
  4 orc wizards
  Jessica (D:3)
  2 bullfrog skeletons
  3 iguanas
  2 worker ants
  A hound skeleton (D:6)
  Robin (D:2)
  12 adders
  8 gnolls
  2 oozes
  2 adder zombies
  3 adder skeletons
  2 worms
  4 dart slugs
  3 leopard geckos
  25 orcs
  2 giant cockroaches
  14 goblins
  10 hobgoblins
  3 jackals
  5 quokkas
  A ball python (D:5)
  7 bats
  4 frilled lizards
  9 kobolds
  11 rats
180 creatures vanquished.

Notes
Turn   | Place    | Note
-------+----------+-------------------------------------------
     0 | D:1      | Queen the Draconian Transmuter began the quest for the Orb.
     0 | D:1      | Reached XP level 1. HP: 16/16 MP: 3/3
    32 | D:1      | Reached XP level 2. HP: 20/23 MP: 1/5
   314 | D:1      | Learned a level 2 spell: Sticks to Snakes
   317 | D:1      | Learned a level 2 spell: Passwall
   352 | D:1      | Reached XP level 3. HP: 25/29 MP: 4/6
   913 | D:2      | Noticed Robin
   987 | D:1      | Reached XP level 4. HP: 20/36 MP: 5/7
  2081 | D:2      | Killed Robin
  2210 | D:2      | Learned a level 3 spell: Spider Form
  2494 | D:3      | Reached XP level 5. HP: 35/42 MP: 7/9
  2587 | D:3      | Noticed Jessica
  2593 | D:3      | Killed Jessica
  2950 | D:3      | Reached XP level 6. HP: 16/51 MP: 7/10
  3103 | D:3      | Found a stormy altar of Qazlal.
  3121 | D:3      | Found a shadowy altar of Dithmenos.
  3287 | D:3      | Found a hazy altar of Hepliaklqana.
  3515 | D:3      | Found a runed door.
  3687 | D:4      | Found Xoss's Book Shoppe.
  3902 | D:4      | Noticed Eustachio
  4017 | D:4      | Your scales start taking on an icy white colour.
  4017 | D:4      | Reached XP level 7. HP: 55/58 MP: 12/12
  4017 | D:4      | Gained mutation: Your flesh is cold resistant. (rC+) [White
                  | Draconian growth]
  4259 | D:4      | Killed Eustachio
  4293 | D:5      | Entered Level 5 of the Dungeon
  4350 | D:5      | Noticed a hungry ghost
  4372 | D:5      | Killed a hungry ghost
  4373 | D:5      | Reached skill level 5 in Unarmed Combat
  4373 | D:5      | Reached XP level 8. HP: 50/67 MP: 6/14
  4418 | D:5      | Learned a level 4 spell: Ice Form
  4578 | D:5      | Reached skill level 1 in Ice Magic
  5500 | D:6      | Found Iruzapp's Antique Weapon Shoppe.
  5524 | D:6      | Reached skill level 5 in Fighting
  5529 | D:6      | Reached skill level 5 in Transmutations
  5634 | D:6      | Found a staircase to the Ecumenical Temple.
  5658 | Temple   | Entered the Ecumenical Temple
  5769 | Temple   | Became a worshipper of Makhleb the Destroyer
  5800 | D:6      | Noticed Blork the orc
  5818 | D:6      | Killed Blork the orc
  5853 | D:6      | Noticed a hippogriff
  5864 | D:6      | Killed a hippogriff
  5865 | D:6      | Reached skill level 5 in Spellcasting
  5865 | D:6      | Reached XP level 9. HP: 36/74 MP: 14/16
  5891 | D:6      | Found Igusaad's Antique Armour Shoppe.
  5901 | D:6      | Bought a pair of boots for 148 gold pieces
  5901 | D:6      | Bought a pair of gloves for 148 gold pieces
  6334 | D:6      | Noticed Menkaure
  6341 | D:6      | Killed Menkaure
  6342 | D:6      | Reached skill level 5 in Dodging
  6721 | D:7      | Learned a level 5 spell: Blade Hands
  6744 | D:7      | Reached * piety under Makhleb
  6745 | D:7      | Reached skill level 1 in Invocations
  7390 | D:7      | HP: 2/78 [hog (13)]
  7400 | D:7      | HP: 1/78 [hog (3)]
  7406 | D:7      | Mangled by a hog

Skill      XL: |  1  2  3  4  5  6  7  8  9 |
---------------+----------------------------+-----
Dodging        | 2 3 4 5 |  5.5
Fighting       | 2 3 4 5 6 |  6.5
Transmutations | 3 4 5 6 |  6.2
Spellcasting   | 3 4 5 |  5.7
Unarmed Combat | 4 5 6 |  6.5
Ice Magic      | 3 4 |  4.6
Invocations    | 2 |  2.6

Action                   |  1- 3 |  4- 6 |  7- 9 || total
-------------------------+-------+-------+-------++-------
Melee: Unarmed           |   153 |   197 |   312 ||   662
       Kick              |    15 |    18 |     9 ||    42
       Tailslap          |     9 |    16 |    10 ||    35
       Headbutt          |     6 |    10 |     7 ||    23
       Punch             |     1 |       |     2 ||     3
 Cast: Beastly Appendage |    26 |    26 |    18 ||    70
       Spider Form       |       |     3 |    21 ||    24
 Abil: Breathe Frost     |       |       |     4 ||     4
       End Transformatio |       |       |     1 ||     1
  Use: Scroll            |     1 |     2 |     1 ||     4
 Stab: Sleeping          |       |     1 |       ||     1
  Eat: Chunk             |     4 |    14 |    22 ||    40
       Ration            |       |       |     1 ||     1
Armor: Skin              |    52 |    45 |    35 ||   132
Dodge: Dodged            |    77 |    83 |   238 ||   398
